 Dungeon Crawl Stone Soup version 0.23.2-1-ga50397a6bc (webtiles) character file.

Game seed: 9716020757589100629

11337 kaze1988 the Cleaver (level 11, -9/97 HPs)
             Began as a Hill Orc Fighter on Apr 13, 2019.
             Was a Priest of Makhleb.
             Killed by divine providence
             ... invoked by an orc priest
              (13 damage)
             ... on level 10 of the Dungeon.
             The game lasted 00:19:12 (9594 turns).

kaze1988 the Cleaver (Hill Orc Fighter)             Turns: 9594, Time: 00:19:12

Health: -9/97      AC: 20    Str: 28    XL:     11   Next: 76%
Magic:  11/11      EV:  7    Int:  8    God:    Makhleb [***...]
Gold:   855        SH: 12    Dex: 10    Spells: 10/10 levels left

rFire    . . .     SeeInvis .   a - +1 war axe (freeze)
rCold    + + .     Gourm    .   c - +0 shield
rNeg     + . .     Faith    .   t - +0 plate armour
rPois    .         Spirit   .   (helmet restricted)
rElec    .         Reflect  .   h - +1 cloak
rCorr    .         Harm     .   (no gloves)
MR       .....                  b - +2 pair of boots {Stlth+}
Stlth    ..........             (no amulet)
HPRegen  0.26/turn              m - ring of protection from cold
MPRegen  0.12/turn              k - ring of positive energy

@: mighty
A: horns 1, cold resistance 1, shaggy fur 1, wild magic 1
a: Minor Destruction, Lesser Servant of Makhleb, Renounce Religion, Convert to
Beogh


You were on level 10 of the Dungeon.
You worshipped Makhleb.
Makhleb was most pleased with you.
You were not hungry.

You visited 2 branches of the dungeon, and saw 11 of its levels.
You visited the Abyss 1 time.

You collected 855 gold pieces.

Inventory:

Hand Weapons
 a - a +1 war axe of freezing (weapon)
Missiles
 s - 10 tomahawks (quivered)
Armour
 b - a +2 pair of boots of stealth (worn)
 c - a +0 shield (worn)
 h - a +1 cloak (worn)
 t - a +0 plate armour (worn)
Jewellery
 k - a ring of positive energy (right hand)
 m - a ring of protection from cold (left hand)
Wands
 d - a wand of flame (35)
 l - a wand of digging (3)
 o - a wand of scattershot (1)
Scrolls
 e - a scroll of magic mapping
 i - 6 scrolls of remove curse
 n - a scroll of identify
 q - a scroll of fear {unknown}
Potions
 j - 2 potions of brilliance
Comestibles
 f - 13 rations


   Skills:
 + Level 9.4 Fighting
 + Level 14.6 Axes
 + Level 1.6 Throwing
 + Level 9.0 Armour
 + Level 2.3 Dodging
 + Level 2.4 Stealth
 + Level 9.7 Shields


You had 10 spell levels left.
You didn't know any spells.
Your spell library contained the following spells:

 Spells                   Type           Power        Failure   Level  Hunger
 Confusing Touch          Hex            #.....       100%        1    ##.....
 Corona                   Hex            #......      100%        1    ##.....
 Flame Tongue             Conj/Fire      #....        100%        1    ##.....
 Ensorcelled Hibernation  Hex/Ice        #.....       100%        2    ###....
 Throw Flame              Conj/Fire      #.....       100%        2    ###....
 Confuse                  Hex            #.......     100%        3    ####...
 Conjure Flame            Conj/Fire      #.......     100%        3    ####...
 Dazzling Spray           Conj/Hex       #.....       100%        3    ####...
 Gell's Gravitas          Tloc           #.........   100%        3    ####...
 Inner Flame              Hex/Fire       #.......     100%        3    ####...
 Tukima's Dance           Hex            #.......     100%        3    ####...
 Petrify                  Tmut/Erth      #.......     100%        4    #####..
 Sticky Flame             Conj/Fire      #.......     100%        4    #####..
 Fireball                 Conj/Fire      #.........   100%        5    ######.
 Metabolic Englaciation   Hex/Ice        #.........   100%        5    ######.
 Yara's Violent Unravell  Hex/Tmut       #.........   100%        5    ######.


Dungeon Overview and Level Annotations

Branches:
Dungeon (10/15)            Temple (1/1) D:4
   Lair: D:8-11         Orc: D:9-12

Altars:
Ashenzari
Cheibriados
Gozag
Makhleb
Qazlal
Ru
Vehumet
The Shining One

Shops:
D:6 =

Annotations:
D:10 Sonja


Innate Abilities, Weirdness & Mutations

You have a pair of small horns on your head.
Your flesh is cold resistant. (rC+)
You are covered in fur. (AC +1)
Your spells are a little harder to cast, but a little more powerful.


Message History

Sonja blinks!
You bump into the stone wall.
The orc wizard hits you but does no damage.
Something hits you but does no damage.
Unknown command.
You bump into the stone wall.
The orc wizard hits you but does no damage.
Something hits you but does no damage.
Unknown command.
You feel less confused.
The orc wizard hits you but does no damage.
You block the orc wizard's attack.
The orc priest miscasts a cantrip.
The orc wizard points at you and mumbles some strange words.
The magic dart hits you but does no damage.
Sonja gestures wildly while chanting.
Sonja blinks!
The orc priest mumbles some strange prayers to Beogh against you.
Beogh smites you!
You die...

#....oo..........#
#................#
#.ยง##########....#
#o.# #....# #..#
#....## #.o#
#...... #.o#
#...... #..#
#...... #.@#
#.##### #.........
...# #.............
#.............
#........... #
######.... . ....
.... ### #... #.#
#...


You could see an orc warrior, an orc priest and an orc wizard.

Vanquished Creatures
  Harold (D:8)
  A two-headed ogre (D:9)
  A storm dragon skeleton (Abyss:2)
  Pikel (D:6)
  2 starcursed masses (Abyss:2)
  Maurice (D:9)
  Psyche (D:9)
  2 ancient zymes (Abyss:2)
  3 hippogriffs
  5 yaks (D:10)
  Eustachio (D:7)
  A wraith (Abyss:2)
  A wyvern (D:9)
  A hungry ghost (D:7)
  Duvessa (D:6)
  A large abomination (Abyss:2)
  3 orc warriors
  A sky beast (D:9)
  2 slaves (D:6)
  A black bear (D:6)
  6 ice beasts
  4 phantoms
  3 necrophages
  5 ogres
  A centaur (D:9)
  A crocodile (D:9)
  A wyvern zombie (D:10)
  4 big kobolds
  3 bullfrogs
  2 gnoll sergeants (D:7)
  Dowan (D:6)
  2 small abominations (Abyss:2)
  2 scorpions
  7 wights
  A howler monkey (D:5)
  2 jellies
  2 bullfrog zombies (D:10)
  4 crimson imps
  3 hounds
  2 centaur skeletons
  8 orc priests
  A quasit (D:8)
  8 orc wizards
  2 bullfrog skeletons
  3 iguanas
  5 worker ants
  2 hound zombies (D:5)
  A worker ant zombie (D:8)
  5 gnolls
  9 adders
  A shadow imp (D:7)
  A white imp (Abyss:2)
  An ooze (D:3)
  An adder skeleton (D:8)
  An adder zombie (D:8)
  2 worms
  4 dart slugs
  4 leopard geckos
  15 orcs
  3 ball pythons
  2 giant cockroaches
  5 hobgoblins
  5 jackals
  18 kobolds
  4 quokkas
  6 bats
  5 frilled lizards
  5 goblins
  A leopard gecko skeleton (D:5)
  5 rats
220 creatures vanquished.

Vanquished Creatures (others)
  A slave (D:6)
  A quasit (D:6)
  An adder (D:6)
  An adder zombie (D:6)
  A lurking horror (Abyss:2)
5 creatures vanquished.

Grand Total: 225 creatures vanquished

Notes
Turn   | Place    | Note
-------+----------+-------------------------------------------
     0 | D:1      | kaze1988 the Hill Orc Fighter began the quest for the Orb.
     0 | D:1      | Reached XP level 1. HP: 19/19 MP: 1/1
   318 | D:1      | Reached XP level 2. HP: 18/27 MP: 2/2
   857 | D:2      | Reached skill level 3 in Axes
   988 | D:2      | Reached XP level 3. HP: 27/33 MP: 3/3
  1164 | D:2      | Reached skill level 4 in Axes
  1169 | D:2      | Reached XP level 4. HP: 34/40 MP: 4/4
  1337 | D:3      | HP: 2/40 [poisoned by an adder]
  1711 | D:3      | Noticed a bullfrog
  1728 | D:3      | Killed a bullfrog
  1728 | D:3      | Reached skill level 5 in Axes
  1728 | D:3      | Reached XP level 5. HP: 46/47 MP: 5/5
  1871 | D:3      | Reached XP level 6. HP: 41/53 MP: 6/6
  1981 | D:3      | Found an opulent altar of Gozag.
  2038 | D:3      | Found a sacrificial altar of Ru.
  2352 | D:4      | Reached skill level 5 in Shields
  2394 | D:4      | Reached skill level 6 in Axes
  2460 | D:4      | Reached XP level 7. HP: 53/60 MP: 7/7
  2546 | D:4      | Found a staircase to the Ecumenical Temple.
  2563 | Temple   | Entered the Ecumenical Temple
  2570 | Temple   | Became a worshipper of Makhleb the Destroyer
  2605 | D:4      | Found a stormy altar of Qazlal.
  2858 | D:5      | Entered Level 5 of the Dungeon
  2919 | D:5      | Reached skill level 5 in Armour
  2928 | D:5      | Reached skill level 1 in Dodging
  2932 | D:5      | Reached skill level 1 in Stealth
  2940 | D:5      | Reached skill level 7 in Axes
  2953 | D:5      | Reached XP level 8. HP: 9/66 MP: 8/8
  3500 | D:5      | Reached skill level 8 in Axes
  3514 | D:5      | Reached skill level 5 in Fighting
  4463 | D:6      | Noticed Pikel
  4476 | D:6      | Noticed Duvessa
  4479 | D:6      | Killed Pikel
  4479 | D:6      | Reached skill level 9 in Axes
  4485 | D:6      | HP: 3/69 [black bear (2)]
  4491 | D:6      | Reached skill level 10 in Axes
  4491 | D:6      | Reached XP level 9. HP: 3/74 MP: 9/9
  4497 | D:6      | Killed Duvessa
  4500 | D:6      | Noticed Dowan
  4709 | D:6      | Killed Dowan
  4998 | D:6      | Found Mumavoc's Jewellery Shop.
  5521 | D:7      | Reached * piety under Makhleb
  5699 | D:7      | Noticed Eustachio
  5766 | D:7      | HP: 3/78 [quasit[Eustachio] (2)]
  5800 | D:7      | Killed Eustachio
  5927 | D:7      | Reached skill level 11 in Axes
  6485 | D:8      | Reached XP level 10. HP: 85/86 MP: 10/10
  6517 | D:8      | Gained mutation: Your spells are a little harder to cast,
                  | but a little more powerful. [potion of mutation]
  6517 | D:8      | Gained mutation: You have a pair of small horns on your
                  | head. [potion of mutation]
  6517 | D:8      | Gained mutation: Your flesh is cold resistant. (rC+)
                  | [potion of mutation]
  6517 | D:8      | Gained mutation: You are covered in fur. (AC +1) [potion of
                  | mutation]
  6519 | D:8      | Noticed Harold
  6545 | D:8      | Killed Harold
  6547 | D:8      | Reached ** piety under Makhleb
  6560 | D:8      | Reached skill level 12 in Axes
  7338 | D:8      | Identified a scroll of acquirement
  7612 | D:9      | Noticed Psyche
  7621 | D:9      | Killed Psyche
  7745 | D:9      | Noticed Maurice
  7767 | D:9      | Killed Maurice
  7794 | D:9      | Reached *** piety under Makhleb
  7794 | D:9      | Reached skill level 13 in Axes
  7796 | D:9      | Reached XP level 11. HP: 58/95 MP: 11/11
  8292 | D:9      | Noticed a two-headed ogre
  8299 | D:9      | Killed a two-headed ogre
  8579 | D:10     | Entered Level 10 of the Dungeon
  8679 | D:10     | Noticed Sonja
  9237 | D:10     | Reached skill level 14 in Axes
  9301 | D:10     | Cast into level 1 of the Abyss (Sonja)
  9423 | Abyss:2  | Found a blossoming altar of Fedhas.
  9448 | Abyss:2  | Reached skill level 1 in Throwing
  9476 | Abyss:2  | Noticed a starcursed mass
  9511 | Abyss:2  | Killed a starcursed mass
  9512 | Abyss:2  | Killed a starcursed mass
  9552 | D:10     | Escaped the Abyss
  9553 | D:10     | HP: 3/97 [Sonja/+2 short sword of distortion (20)]
  9582 | D:10     | HP: 3/97 [orc priest/divine providence (12)]
  9587 | D:10     | HP: 4/97 [something (1)]
  9594 | D:10     | Killed from afar by an orc priest

Skill      XL: |  1  2  3  4  5  6  7  8  9 10 11 |
---------------+----------------------------------+-----
Axes           | 3 4 5 6 7 10 11 13 14 | 14.6
Fighting       | 4 6 7 8 9 |  9.4
Armour         | 4 5 6 7 8 9 |  9.0
Shields        | 4 5 6 7 9 |  9.7
Dodging        | 1 2 |  2.3
Stealth        | 1 2 |  2.4
Throwing       | 1 |  1.6

Action                   |  1- 3 |  4- 6 |  7- 9 | 10-12 || total
-------------------------+-------+-------+-------+-------++-------
Melee: War axe           |    85 |   146 |   299 |   374 ||   904
       Headbutt          |       |       |       |    76 ||    76
Throw: Tomahawk          |       |       |       |     3 ||     3
  Use: Scroll            |     4 |     5 |     4 |     7 ||    20
       Potion            |       |     3 |     7 |     9 ||    19
  Eat: Chunk             |       |     5 |     7 |     4 ||    16
       Ration            |       |       |     4 |     2 ||     6
Armor: Scale mail        |    28 |       |       |       ||    28
       Chain mail        |    25 |    99 |    91 |       ||   215
       Plate armour      |       |       |   184 |   191 ||   375
Dodge: Dodged            |    29 |    41 |    85 |    63 ||   218
Block: Shield            |    44 |   118 |   219 |   218 ||   599
